 Dungeon Crawl Stone Soup version 0.30-a0-613-gdd512c7efb (webtiles) character file.

Game seed: 15011070212312999408

1250 Zonian the Covert (level 8, -2/42 HPs)
             Began as a Vine Stalker Brigand on Jan 8, 2023.
             Killed by divine providence
             ... invoked by an orc priest
              (4 damage)
             ... on level 5 of the Dungeon.
             The game lasted 00:08:52 (4077 turns).

Zonian the Covert (Vine Stalker Brigand)            Turns: 4077, Time: 00:08:53

Health: -2/42      AC:  7    Str: 17    XL:     8   Next: 50%
Magic:  0/9        EV: 14    Int: 11    God:
Gold:   314        SH:  5    Dex: 18    Spells: 7/7 levels left

rFire   . . .      SeeInvis .    D - +2 dagger (speed)
rCold   . . .      Faith    .    (no shield)
rNeg    . . .      Spirit   +    b - +0 robe
rPois   .          Reflect  +    w - +0 helmet
rElec   .          Harm     .    c - +0 cloak
rCorr   .          Rampage  .    n - +2 pair of gloves {Str+3}
Will    +....                    (no boots)
Stlth   ++++                     x - amulet of reflection
HPRegen 1.07/turn                (no ring)
MPRegen 0.11/turn                (no ring)

@: no status effects
A: fangs 3, regeneration 1, magic shield, antimagic bite, no potion heal 2
a: no special abilities


You were on level 5 of the Dungeon.
You visited 2 branches of the dungeon, and saw 6 of its levels.

You collected 314 gold pieces.

Inventory:

Hand Weapons
 a - a +2 dagger
 g - a +2 dagger of holy wrath
 r - a +0 sling
 C - a +0 dagger of electrocution
 D - a +2 dagger of speed (weapon)
 E - a +0 dagger of draining
Missiles
 d - 22 poisoned darts (quivered)
 e - 2 curare-tipped darts
 p - 4 datura-tipped darts
Armour
 b - a +0 robe (worn)
 c - a +0 cloak (worn)
 f - a +0 pair of gloves
 n - a +2 pair of gloves of strength (worn)
 w - a +0 helmet (worn)
Jewellery
 x - an amulet of reflection (around neck)
 H - a ring of wizardry
Wands
 J - a wand of charming (6)
Scrolls
 j - 2 scrolls of vulnerability {unknown}
 m - a scroll of amnesia {unknown}
 o - a scroll of fear {unknown}
 s - 2 scrolls of enchant weapon {unknown}
 t - a scroll of magic mapping {unknown}
 u - 2 scrolls of teleportation {unknown}
 v - 2 scrolls of enchant armour {unknown}
 y - a scroll of poison {unknown}
 F - a scroll of identify
 G - a scroll of brand weapon {unknown}
Potions
 h - 3 potions of haste
 i - a potion of might
 k - 3 potions of berserk rage
 l - 3 potions of curing
 q - a potion of heal wounds {unknown}
 z - 2 potions of attraction {unknown}
 A - a potion of ambrosia {unknown}
 B - a potion of mutation {unknown}
 I - a potion of lignification {unknown}


   Skills:
 + Level 4.7 Fighting
 + Level 4.7 Short Blades
 - Level 2.5 Throwing
 + Level 3.9 Dodging
 + Level 8.0 Stealth


You had 7 spell levels left.
You didn't know any spells.
Your spell library contained the following spells:

 Spells                   Type           Power      Damage    Failure   Level
 Apportation              Tloc           0%         N/A       34%         1
 Necrotise                Necr           0%         1d4       34%         1
 Summon Small Mammal      Summ           0%         N/A       34%         1
 Scorch                   Fire           0%         2d5       47%         2
 Ignite Poison            Fire/Tmut/Pois 0%         N/A       71%         3
 Ozocubu's Armour         Ice            0%         N/A       71%         3
 Flame Wave               Conj/Fire      0%         2d4       98%         4
 Sticky Flame             Conj/Fire      0%         2d3       98%         4
 Summon Cactus Giant      Summ           0%         N/A       100%        6
 Ozocubu's Refrigeration  Ice            0%         4d7       100%        7
 Ignition                 Fire           0%         3d3       100%        8


Dungeon Overview and Level Annotations

Branches:
Dungeon (5/15)             Temple (1/1) D:5

Altars:
Cheibriados
Dithmenos
Elyvilon
Gozag
Hepliaklqana
Kikubaaqudgha
Makhleb
Nemelex Xobeh
Qazlal
Ru
Sif Muna
Trog
Vehumet
Xom
Yredelemnul
The Shining One


Innate Abilities, Weirdness & Mutations

You have razor-sharp teeth.
Your natural rate of healing is unusually fast.
When hurt, damage is shared between your health and your magic reserves.
Your bite disrupts and absorbs the magic of your enemies.
Potions cannot restore your health.


Message History

The orc priest is severely wounded.
An orc wizard comes into view. It is wielding a +0 dagger.
The orc priest invokes the aid of Beogh against you.
Beogh smites you!
You are too injured to fight recklessly!
You are too injured to fight recklessly!
You are too injured to fight recklessly!
You barely miss the orc priest.
The orc wizard shouts!
You bite the orc priest, but do no damage.
The orc priest is severely wounded.
You hit the orc priest.
The orc priest is severely wounded.
The orc priest closely misses you.
You hit the orc priest.
You kill the orc priest!
The orc wizard mumbles some strange words.
The orc wizard flickers and vanishes!
Deactivating autopickup; reactivate with Ctrl-A.
The orc priest mumbles some strange prayers to Beogh against you.
Pain shoots through your body!
* * * LOW HITPOINT WARNING * * *
Things that are here:
a +0 trident; an orc corpse You hit the orc priest but do no damage.
You block the orc priest's attack.
The orc priest mumbles some strange prayers to Beogh against you.
Beogh smites you!
* * * LOW HITPOINT WARNING * * *
Okay, then.
Okay, then.
You hit the orc priest but do no damage.
You bite the orc priest! You drain its power.
You feel invigorated.
The orc priest is heavily wounded.
You hit the orc priest.
You bite the orc priest, but do no damage.
The orc priest is heavily wounded.
The orc priest invokes the aid of Beogh against you.
Beogh smites you!
You die...

o.......#.#.#.
........#.#.#.
.o.......#.#.#.
.........#.#.#.
#...........#.#.
##..##..#..##...#.
#..# ..###. ##..#.
#o## ##.## #@# ###
#...
#.######8######.#.
#.##8_.._.._8##.#.
#..##~.....≈##..##
#..##~~...~~##....
##..##≈~.~≈##..###
##..##≈.~##......
##..##'##..#.###
##..........#


You could see 2 orc priests.

Vanquished Creatures
  Edmund (D:4)
  An orc warrior (D:5)
  2 phantoms (D:5)
  3 scorpions
  2 hounds
  A jelly (D:5)
  5 orc priests (D:5)
  5 iguanas
  6 orc wizards (D:5)
  Robin (D:2)
  9 adders
  A shadow imp (D:5)
  A white imp (D:5)
  An ufetubus (D:5)
  2 worms
  3 dart slugs
  10 orcs
  5 ball pythons
  5 endoplasms
  A giant cockroach (D:1)
  13 goblins
  7 hobgoblins
  7 jackals
  5 kobolds
  5 quokkas
  3 bats
  2 frilled lizards
  6 rats
113 creatures vanquished.

Notes
Turn   | Place    | Note
-------+----------+-------------------------------------------
     0 | D:1      | Zonian the Vine Stalker Brigand began the quest for the
                  | Orb.
     0 | D:1      | Reached XP level 1. HP: 11/11 MP: 2/2
   215 | D:1      | Reached skill level 1 in Dodging
   215 | D:1      | Reached skill level 5 in Stealth
   215 | D:1      | Reached XP level 2. HP: 15/15 MP: 3/3
   453 | D:1      | Reached XP level 3. HP: 18/18 MP: 4/4
   870 | D:2      | Noticed Robin
  1019 | D:1      | Gained mutation: Your natural rate of healing is unusually
                  | fast. [Vine Stalker growth]
  1019 | D:1      | Reached XP level 4. HP: 14/23 MP: 2/5
  1086 | D:2      | Killed Robin
  1331 | D:2      | Reached XP level 5. HP: 24/27 MP: 6/6
  1352 | D:2      | Found an ancient bone altar of Kikubaaqudgha.
  2391 | D:4      | Reached XP level 6. HP: 32/32 MP: 7/7
  2401 | D:4      | Noticed Edmund
  2410 | D:4      | Killed Edmund
  2411 | D:4      | Reached skill level 6 in Stealth
  2652 | D:5      | Entered Level 5 of the Dungeon
  2707 | D:5      | Reached XP level 7. HP: 36/36 MP: 8/8
  2914 | D:5      | Reached skill level 7 in Stealth
  3162 | D:5      | Gained mutation: You have razor-sharp teeth. [Vine Stalker
                  | growth]
  3162 | D:5      | Reached XP level 8. HP: 41/42 MP: 9/9
  3758 | D:5      | Found a staircase to the Ecumenical Temple.
  3814 | Temple   | Entered the Ecumenical Temple
  3973 | D:5      | Reached skill level 8 in Stealth
  4036 | D:5      | Found a shadowy altar of Dithmenos.
  4036 | D:5      | Found a snail-covered altar of Cheibriados.
  4036 | D:5      | Found a white marble altar of Elyvilon.
  4075 | D:5      | HP: 1/42 [orc priest/divine providence (10)]
  4077 | D:5      | Killed from afar by an orc priest

Illustrated notes

Levels and vault maps discovered:
D:1:      dpeg_arrival_line_fractal, layout_loops_cross, minmay_distorted
D:2:      layout_rooms, basic_altar, uniq_robin
D:3:      layout_rooms
D:4:      layout_loops_cross, kennysheep_decorative_pillar, uniq_edmund
D:5:      layout_basic, gammafunk_temple_overflow_claw,
          minmay_temple_entry_junction, kennysheep_generic_room_13
Temple:   hellmonk_temple_forest_ring

Skill      XL: |  1  2  3  4  5  6  7  8 |
---------------+-------------------------+-----
Dodging        | 1 2 3 |  3.9
Stealth        | 5 6 7 8 |  8.0
Short Blades   | 2 3 4 |  4.7
Fighting       | 2 3 4 |  4.7
Throwing       | 2 |  2.5

Action                   |  1- 3 |  4- 6 |  7- 9 || total
-------------------------+-------+-------+-------++-------
Melee: Dagger            |    70 |   152 |   237 ||   459
       Bite              |    17 |    45 |    82 ||   144
       Punch             |     1 |     3 |     3 ||     7
Throw: Dart              |       |     4 |       ||     4
  Use: Scroll            |       |     4 |       ||     4
       Potion            |       |       |     1 ||     1
 Stab: Sleeping          |     7 |    13 |     4 ||    24
       Distracted        |       |     1 |       ||     1
Armor: Robe              |    26 |    35 |    38 ||    99
Dodge: Dodged            |    66 |    59 |    72 ||   197
Block: Other             |       |     4 |    23 ||    27

Table legend: (Time is in decaauts)
 A = Elapsed time spent in this place.
 B = Non-inter-level travel time spent in this place.
 C = Inter-level travel time spent in this place.
 D = Time resting spent in this place.
 E = Time spent auto-exploring this place.
 F = Levels seen in this place.
 G = Mean time per level.
                   A        B        C        D        E       F      G
               +--------+--------+--------+--------+--------+-----+--------+
         Total |   3939 |   3857 |     82 |    565 |   2211 |   6 |  656.5 |
       Dungeon |   3802 |   3727 |     75 |    565 |   2093 |   5 |  760.4 |
        Temple |    136 |    129 |      7 |      0 |    118 |   1 |  136.0 |
               +--------+--------+--------+--------+--------+-----+--------+

Top non-repeatable levels by time:
     D:5: 1177 daAuts
     D:1: 973 daAuts
     D:4: 745 daAuts
     D:2: 505 daAuts
     D:3: 400 daAuts
  Temple: 136 daAuts
